 Dungeon Crawl Stone Soup version 0.30-a0-748-ge6a52f7cba (webtiles) character file.

Game seed: 10647060431447814600

7089 DavidChitty2 the Destroyer (level 10, 0/86 HPs)
             Began as a White Draconian Conjurer on Feb 1, 2023.
             Was a Priest of Vehumet.
             Slain by a vampire (9 damage)
             ... on level 10 of the Dungeon on Feb 8, 2023.
             The game lasted 00:35:45 (14641 turns).

DavidChitty2 the Destroyer (DrCj)                  Turns: 14641, Time: 00:35:45

Health: 0/86       AC: 12    Str:  9    XL:     10   Next: 84%
Magic:  10/20      EV: 14    Int: 22    God:    Vehumet [***...]
Gold:   168        SH:  5    Dex: 14    Spells: 8/22 levels left

rFire   . . .      SeeInvis +    a - +5 short sword
rCold   + . .      Faith    .    C - +0 buckler
rNeg    . . .      Spirit   .    (body armour unavailable)
rPois   .          Reflect  .    (helmet restricted)
rElec   .          Harm     .    D - +2 cloak {Stlth+}
rCorr   .          Rampage  .    b - +0 pair of fencer's gloves {Riposte Dex+3}
Will    .....                    n - +0 pair of boots
Stlth   +++                      (no amulet)
HPRegen 0.34/turn                z - ring of see invisible
MPRegen 0.17/turn                (no ring)

@: no status effects
A: breathe frost, AC +7, unfitting armour, cold resistance 1, cold-blooded
a: Breathe Frost, Renounce Religion


You were on level 10 of the Dungeon.
You worshipped Vehumet.
Vehumet was most pleased with you.
You visited 2 branches of the dungeon, and saw 12 of its levels.
You also visited: Sewer and Ossuary.

You collected 586 gold pieces.
You spent 418 gold pieces at shops.

Inventory:

Hand Weapons
 a - a +5 short sword (weapon)
   (You took it off a kobold on level 4 of the Dungeon)
Missiles
 j - 140 stones
 q - a curare-tipped dart {!f}
 B - a throwing net {!f}
Armour
 b - the +0 pair of fencer's gloves (worn) {Riposte Dex+3}
   (You acquired it on level 5 of the Dungeon)

   Riposte:   It allows the wearer to riposte with melee weapons, swiftly
   retaliating against missed or blocked melee attacks.
   Dex:       It affects your dexterity (+3).
 n - a +0 pair of boots (worn)
   (You found it on level 2 of the Dungeon)
 x - an orb of energy
   (You found it on level 7 of the Dungeon)
 C - a +0 buckler (worn)
   (You bought it in a shop on level 6 of the Dungeon)
 D - a +2 cloak of stealth (worn)
   (You found it on level 4 of the Dungeon)
 F - a +0 pair of gloves
   (You found it on level 9 of the Dungeon)
Jewellery
 e - a ring of flight
   (You found it on level 1 of the Dungeon)
 z - a ring of see invisible (left hand)
   (You found it on level 5 of the Dungeon)
Wands
 d - a wand of iceblast (5)
   (You found it on level 10 of the Dungeon)
 u - a wand of paralysis (7)
   (You found it on level 5 of the Dungeon)
 v - a wand of digging (4)
   (You found it on level 4 of the Dungeon)
Scrolls
 g - 2 scrolls of magic mapping
 l - a scroll of blinking
 t - a scroll of poison {!r}
 y - a scroll of fear
 A - a scroll of identify {@r1}
Potions
 c - 10 potions of curing {@q1}
 f - 2 potions of attraction {!q}
 h - 3 potions of lignification {!q}
 i - a potion of magic
 k - a potion of degeneration {unknown}
 m - 3 potions of ambrosia
 o - a potion of resistance
 p - 2 potions of mutation {!q}
 r - 4 potions of heal wounds {@q2}
 s - 6 potions of flight
 w - a potion of cancellation
 E - 2 potions of brilliance
 G - a potion of might {unknown}


   Skills:
 + Level 7.4 Fighting
 + Level 6.4 Dodging
 - Level 1.7 Stealth
 - Level 4.0 Shields
 + Level 6.6 Spellcasting
 + Level 8.7 Conjurations
 - Level 4.0 Translocations
 * Level 5.5 Fire Magic


You had 8 spell levels left.
You knew the following spells:

 Your Spells              Type           Power      Damage    Failure   Level
a - Magic Dart            Conj           100%       1d8       1%          1
b - Fireball              Conj/Fire      19%        3d9       4%          5
c - Blink                 Tloc           48%        N/A       3%          2
s - Searing Ray           Conj           90%        2d7       1%          2
x - Iskenderun's Mystic   Conj/Tloc      35%        2d8       2%          4

Your spell library contained the following spells:

 Spells                   Type           Power      Damage    Failure   Level
 Momentum Strike          Conj/Tloc      70%        3d9       1%          2
 Foxfire                  Conj/Fire      100%       2x1d9     1%          1
 Kiss of Death            Conj/Necr      100%       2d13      1%          1
 Dazzling Flash           Conj/Hex       52%        N/A       1%          3
 Fulminant Prism          Conj/Hex       13%        3d8       5%          4
 Summon Small Mammal      Summ           28%        N/A       11%         1
 Portal Projectile        Hex/Tloc       32%        N/A       14%         3
 Ensorcelled Hibernation  Hex/Ice        14%        N/A       17%         2
 Passwall                 Tmut/Erth      5%         N/A       17%         2
 Manifold Assault         Tloc           24%        N/A       22%         4
 Starburst                Conj/Fire      19%        6d7       22%         6
 Call Canine Familiar     Summ           7%         N/A       32%         3
 Confusing Touch          Hex            7%         N/A       32%         3
 Ozocubu's Armour         Ice            7%         N/A       32%         3
 Summon Guardian Golem    Hex/Summ       7%         N/A       32%         3
 Swiftness                Air            7%         N/A       32%         3
 Dispel Undead            Necr           7%         3d8       73%         4
 Leda's Liquefaction      Hex/Erth       3%         N/A       73%         4
 Metabolic Englaciation   Hex/Ice        3%         N/A       97%         5
 Simulacrum               Ice/Necr       3%         N/A       100%        6
 Storm Form               Tmut/Air       3%         N/A       100%        7
 Lehudib's Crystal Spear  Conj/Erth      13%        10d4      100%        8


Dungeon Overview and Level Annotations

Branches:
Dungeon (11/15)            Temple (1/1) D:5            Lair (0/5) D:9
    Orc (0/2) D:10          Sewer (visited)         Ossuary (visited)

Altars:
Ashenzari
Cheibriados
Dithmenos
Elyvilon
Fedhas
Gozag
Hepliaklqana
Kikubaaqudgha
Makhleb
Nemelex Xobeh
Okawaru
Qazlal
Ru
Sif Muna
Trog
Uskayaw
Vehumet
Wu Jian
Xom
Yredelemnul
Zin
The Shining One

Shops:
D:4 :   D:6 [

Portals:
Trove: D:10 (give +3 gold dragon scales)

Annotations:
D:3 1 runed translucent door, Crazy Yiuf


Innate Abilities, Weirdness & Mutations

You can breathe waves of freezing cold which knock back foes.
Your icy white scales are hard. (AC +7)
You cannot fit into any form of body armour.
Your flesh is cold resistant. (rC+)
You are cold-blooded and may be slowed by cold attacks.


Message History

The vampire casts a spell at you. You resist with some effort.
There is an open door here.
The vampire casts a spell at you.
You are confused.
There is an open door here.
You're too confused to move!
The vampire hits you but does no damage.
The vampire bites you!
The vampire draws strength from your injuries!
There is an open door here.
The vampire attacks as you move away! The vampire closely misses you.
The vampire bites you but does no damage.
You feel less confused. The vampire attacks as you move away!
The vampire barely misses you. The vampire misses you.
You blink.
The vampire mumbles some strange words.
The vampire flickers and vanishes for a moment.
You are still too unstable to blink.
The vampire hits you but does no damage.
The vampire bites you!
The vampire draws strength from your injuries!
There is a stone staircase leading up, spattered with blood here.
The vampire hits you!
* * * LOW HITPOINT WARNING * * *
The vampire bites you!
* * * LOW HITPOINT WARNING * * *
The vampire draws strength from your injuries!
You climb upwards.
You feel stable enough to blink again.
There is a stone staircase leading down here.
There is a stone staircase leading up here.
Okay, then.
The vampire hits you but does no damage.
The vampire bites you!
* * * LOW HITPOINT WARNING * * *
The vampire draws strength from your injuries!
The vampire attacks as you move away! You block the vampire's attack.
You riposte.
You completely miss the vampire. The vampire barely misses you.
The vampire attacks as you move away! The vampire hits you!
* * * LOW HITPOINT WARNING * * *
The vampire misses you. The vampire attacks as you move away!
You block the vampire's attack. The vampire bites you.
* * * LOW HITPOINT WARNING * * *
The vampire draws strength from your injuries!
The vampire attacks as you move away! The vampire closely misses you.
You riposte.
You hit the vampire. The vampire bites you!
You die...

..#....###########........#
..#.......................#######
..#......######......|...........
..'......#....'..........#####+##
..#......#....#..#####...#.)....#
..#......#....#..# #...#......#
..#......#....#..# #...#......#
..'.....##....#..# #...#......#
###.....#.....#.@# #...'......#
........#.....#.V# #...#......#
........#....##..# #...#......'
........#....#...# #..##(.....#
........#....#...# #..#.....>.#
###.....#....#...# #..#.......#
..#.....'....##..#####..#.......#
..#.....#.....#.<>......#.......#
..#.....#.....#...).....#########


You could see a vampire (invisible).

Vanquished Creatures
  A two-headed ogre (D:9)
  Pikel (D:7)
  A troll (D:8)
  2 wyverns
  A wraith (Ossuary)
  9 yaks
  Grum (D:10)
  A steam dragon (D:9)
  An acid dragon (D:10)
  2 water moccasins
  An ice beast (D:6)
  A black bear (D:9)
  An ogre (D:5)
  2 orc warriors
  2 wolves (D:10)
  4 centaurs
  A lemure (D:7)
  7 kobold brigands
  2 bullfrogs (D:8)
  5 scorpions
  3 gnoll sergeants
  9 killer bees (D:10)
  5 electric eels (D:9)
  3 hounds
  3 orc priests
  3 jellies
  An iguana (D:6)
  9 orc wizards
  4 mummies
  13 gnolls
  A river rat (Sewer)
  5 adders
  2 shadow imps
  2 white imps
  2 worms
  3 dart slugs
  29 orcs
  4 ball pythons
  9 bats
  10 endoplasms
  3 giant cockroaches
  12 goblins
  3 hobgoblins
  14 jackals
  36 kobolds
  4 quokkas
  2 frilled lizards
  2 goblin zombies (Ossuary)
  3 hobgoblin zombies (Ossuary)
  4 kobold zombies (Ossuary)
  8 rats
257 creatures vanquished.

Vanquished Creatures (others)
  39 fungi (D:9)
  58 plants (D:9)
97 creatures vanquished.

Grand Total: 354 creatures vanquished

Notes
Turn   | Place    | Note
-------+----------+-------------------------------------------
     0 | D:1      | DavidChitty2 the Draconian Conjurer began the quest for the
                  | Orb.
     0 | D:1      | Reached XP level 1. HP: 14/14 MP: 3/3
   187 | D:1      | Reached XP level 2. HP: 22/22 MP: 1/5
   233 | D:1      | Learned a level 2 spell: Searing Ray
   611 | D:1      | Reached skill level 1 in Fighting
   836 | D:1      | Reached XP level 3. HP: 28/28 MP: 4/6
  1970 | D:2      | Upgraded the game from 0.30-a0-737-gf23d94013f to
                  | 0.30-a0-743-gbfdf073431
  2094 | D:2      | Found a burning altar of Makhleb.
  2325 | D:2      | Reached XP level 4. HP: 35/35 MP: 0/7
  2744 | D:2      | Learned a level 4 spell: Iskenderun's Mystic Blast
  2983 | D:3      | Found a hide-covered altar of Uskayaw.
  3007 | D:3      | Found a runed translucent door.
  3008 | D:3      | Noticed Crazy Yiuf
  3167 | D:3      | Found a basalt altar of Yredelemnul.
  3231 | D:3      | Found a glowing drain.
  3240 | Sewer    | Entered a sewer
  3370 | Sewer    | Noticed a kobold brigand
  3396 | Sewer    | Killed a kobold brigand
  3397 | Sewer    | Reached skill level 5 in Conjurations
  3397 | Sewer    | Reached skill level 1 in Translocations
  3397 | Sewer    | Reached XP level 5. HP: 41/41 MP: 0/9
  3691 | Sewer    | Found a glowing silver altar of Zin.
  4133 | D:3      | Found a hazy altar of Hepliaklqana.
  4357 | D:4      | Reached XP level 6. HP: 50/50 MP: 3/10
  5105 | D:4      | Found Lomouciu's Book Boutique.
  5115 | D:5      | Entered Level 5 of the Dungeon
  5191 | D:5      | Found a sand-covered staircase.
  5260 | Ossuary  | Entered an ossuary
  5260 | Ossuary  | Noticed a wraith
  5260 | Ossuary  | Noticed a wraith
  5260 | Ossuary  | Noticed a wraith
  5881 | Ossuary  | Noticed a wraith
  5888 | Ossuary  | Killed a wraith
  5889 | Ossuary  | Reached skill level 6 in Conjurations
  5889 | Ossuary  | Your scales start taking on an icy white colour.
  5889 | Ossuary  | Reached XP level 7. HP: 39/57 MP: 2/12
  5889 | Ossuary  | Gained mutation: Your flesh is cold resistant. (rC+) [White
                  | Draconian growth]
  5999 | D:5      | Identified a scroll of acquirement
  5999 | D:5      | Acquired the +0 pair of fencer's gloves {Riposte Dex+3}
  5999 | D:5      | Found the +0 pair of fencer's gloves {Riposte Dex+3}
  6179 | D:5      | Found an opulent altar of Gozag.
  6224 | D:5      | Found a staircase to the Ecumenical Temple.
  6233 | Temple   | Entered the Ecumenical Temple
  6318 | Temple   | Became a worshipper of Vehumet
  7072 | D:6      | Found Ybua's Armour Boutique.
  7080 | D:6      | Bought a +0 buckler for 58 gold pieces
  7534 | D:6      | Reached skill level 1 in Shields
  7978 | D:7      | Reached XP level 8. HP: 66/66 MP: 8/14
  8524 | D:7      | Noticed Pikel
  8542 | D:7      | Killed Pikel
  8665 | D:7      | Found a white marble altar of Elyvilon.
  9335 | D:8      | Reached skill level 5 in Fighting
  9335 | D:8      | Reached skill level 7 in Conjurations
  9453 | D:8      | Reached XP level 9. HP: 59/74 MP: 10/16
  9470 | D:8      | Reached * piety under Vehumet
  9470 | D:8      | Offered knowledge of Sandblast by Vehumet.
  9642 | D:7      | Reached skill level 5 in Spellcasting
  9783 | D:7      | Upgraded the game from 0.30-a0-743-gbfdf073431 to
                  | 0.30-a0-748-ge6a52f7cba
  9854 | D:4      | Bought a book of Fire for 360 gold pieces
  9860 | D:4      | Learned a level 5 spell: Fireball
 10055 | D:8      | Reached skill level 1 in Fire Magic
 10239 | D:8      | Reached skill level 5 in Dodging
 10454 | D:8      | Found a shadowy altar of Dithmenos.
 10560 | D:8      | Found a shimmering blue altar of Sif Muna.
 10995 | D:9      | Noticed a troll
 11198 | D:8      | Killed a troll
 11320 | D:9      | Found a blossoming altar of Fedhas.
 11585 | D:9      | Got Sif Muna's Quarto of Terrain and Doom
 11640 | D:9      | Found a sacrificial altar of Ru.
 11648 | D:9      | Reached XP level 10. HP: 80/83 MP: 13/18
 11696 | D:9      | Reached ** piety under Vehumet
 11696 | D:9      | Offered knowledge of Scorch by Vehumet.
 11926 | D:8      | Reached skill level 8 in Conjurations
 12075 | D:9      | Found a staircase to the Lair.
 12379 | D:10     | Entered Level 10 of the Dungeon
 12379 | D:10     | Noticed Grum
 12380 | D:10     | Noticed a two-headed ogre
 12521 | D:9      | Found a sacrificial altar of Ru.
 12639 | D:9      | Found a blossoming altar of Fedhas.
 12679 | D:9      | Found a staircase to the Lair.
 12728 | D:9      | Killed a two-headed ogre
 13318 | D:10     | Learned a level 2 spell: Blink
 13327 | D:10     | Killed Grum
 13399 | D:10     | Found a staircase to the Orcish Mines.
 13662 | D:10     | Reached skill level 5 in Fire Magic
 13771 | D:10     | Found a portal to a secret trove of treasure.
 14273 | D:10     | Found a burning altar of Makhleb.
 14547 | D:11     | Offered knowledge of Momentum Strike by Vehumet.
 14561 | D:11     | Reached *** piety under Vehumet
 14641 | D:10     | Slain by a vampire

Illustrated notes

Levels and vault maps discovered:
D:1:      dpeg_arrival_round_b, layout_basic
D:2:      layout_basic, basic_altar, st_stairs_6, uniq_robin
D:3:      layout_basic, mainiacjoe_overflow_surrounded_room,
          nzn_hepliaklqana_mist_gate, nicolae_uskayaw_suspiria,
          portal_sewer_entry_d, uniq_crazy_yiuf_cottage
D:4:      layout_cave_pools, serial_shops, kennysheep_mini
D:5:      layout_loops_cross, nicolae_gozag_cash_rules_everything_around_me,
          minmay_temple_entry_sparse_star, gup_ossuary_entry_pyramid
D:6:      layout_loops_ring, serial_shops, shop
D:7:      layout_loops_ring, mainiacjoe_overflow_24_doors, uniq_pikel
D:8:      layout_rooms, mainiacjoe_overflow_boulevard,
          nicolae_sif_muna_little_library, minivault_27, st_stairs_3,
          chequers_mini_garden
D:9:      layout_cave_pools, hangedman_ru_absence, fedhas_ov_isle_minmay,
          due_lair_maze_entry_diamond, serial_bayou, serial_bayou_lagoon_b,
          serial_bayou_shore_b, serial_bayou_pond_c, serial_bayou_pond_a
D:10:     layout_irregular_city, general_overflow_altar, orc_0_dummy,
          enter_trove_0, abandoned_shop, uniq_grum
D:11:     layout_grid_maze
Temple:   nicolae_temple_hex_pool

Skill      XL: |  1  2  3  4  5  6  7  8  9 10 |
---------------+-------------------------------+-----
Dodging        | 2 3 4 5 6 |  6.4
Fighting       | 1 2 3 4 5 6 7 |  7.4
Conjurations   | 5 6 7 8 |  8.7
Translocations | 1 2 3 4 |  4.0
Spellcasting   | 3 4 5 6 |  6.6
Shields        | 1 4 |  4.0
Fire Magic     | 3 5 |  5.5
Stealth        | |  1.7

Action                     |  1- 3 |  4- 6 |  7- 9 | 10-12 || total
---------------------------+-------+-------+-------+-------++-------
  Melee: Unarmed           |    11 |       |       |       ||    11
         Tailslap          |     3 |     3 |     1 |     5 ||    12
         Dagger            |    10 |    19 |       |       ||    29
         Short sword       |       |     3 |    21 |    47 ||    71
   Cast: Magic Dart        |   100 |   106 |   214 |    68 ||   488
         Searing Ray       |     2 |    14 |    31 |    22 ||    69
         Iskenderun's Myst |       |       |     8 |    15 ||    23
         Fireball          |       |       |       |     5 ||     5
         Blink             |       |       |       |     2 ||     2
Ability: Breathe Frost     |       |       |     2 |     2 ||     4
  Evoke: Wand              |       |       |     5 |       ||     5
    Use: Scroll            |       |     8 |    11 |     2 ||    21
         Potion            |       |       |       |     2 ||     2
 Armour: Skin              |    22 |     8 |    44 |    41 ||   115
  Dodge: Dodged            |    42 |    27 |   106 |    97 ||   272
  Block: Buckler           |       |       |    33 |    33 ||    66
Riposte: Short sword       |       |       |    17 |    29 ||    46

Table legend: (Time is in decaauts)
 A = Elapsed time spent in this place.
 B = Non-inter-level travel time spent in this place.
 C = Inter-level travel time spent in this place.
 D = Time resting spent in this place.
 E = Time spent auto-exploring this place.
 F = Levels seen in this place.
 G = Mean time per level.
                   A        B        C        D        E       F      G
               +--------+--------+--------+--------+--------+-----+--------+
         Total |  14765 |  14138 |    627 |   4855 |   6880 |  14 | 1054.6 |
       Dungeon |  13370 |  12766 |    604 |   4309 |   6427 |  11 | 1215.5 |
        Temple |     97 |     74 |     23 |      0 |     62 |   1 |   97.0 |
         Sewer |    551 |    551 |      0 |    245 |    150 |   1 |  551.0 |
       Ossuary |    745 |    745 |      0 |    301 |    241 |   1 |  745.0 |
               +--------+--------+--------+--------+--------+-----+--------+

Top non-repeatable levels by time:
     D:9: 1791 daAuts
     D:1: 1675 daAuts
     D:8: 1622 daAuts
     D:7: 1551 daAuts
     D:6: 1315 daAuts
    D:10: 1246 daAuts
     D:3: 1119 daAuts
     D:2: 1071 daAuts
     D:5: 969 daAuts
     D:4: 806 daAuts
 Ossuary: 745 daAuts
   Sewer: 551 daAuts
    D:11: 202 daAuts
  Temple: 97 daAuts
